 Dungeon Crawl Stone Soup version 0.15.0-13-gb296d5c (console) character file.

19 gw the Skirmisher (level 2, -1/27 HPs)
             Began as a Minotaur Fighter on Sept 2, 2014.
             Succumbed to a goblin's poison
             ... on Level 1 of the Dungeon.
             The game lasted 00:00:16 (552 turns).

gw the Skirmisher (Minotaur Fighter)                 Turns: 552, Time: 00:00:16

HP  -1/27        AC  7     Str 25      XL: 2   Next: 55%
MP   1/1         EV  9     Int  5      God:
Gold 0           SH  0     Dex  9      Spells:  0 memorised,  1 level left

rFire  . . .     SeeInvis .     a - +0 flail
rCold  . . .     Clarity  .     b - +0 scale mail
rNeg   . . .     rCorr    .     (no shield)
rPois  .         rRot     .     (helmet restricted)
rElec  .         Spirit   .     (no cloak)
SustAb .         Warding  .     (no gloves)
rMut   .         Stasis   .     (no boots)
Gourm  .                        (no amulet)
MR     .....                    (no ring)
                                (no ring)

@: mighty, lethally poisoned, not resistant to hostile enchantments, extremely
unstealthy
A: retaliatory headbutt, horns 2
a: no special abilities


You were on level 1 of the Dungeon.
You were not hungry.

You visited 1 branch of the dungeon, and saw 1 of its levels.

Inventory:

Hand weapons
 a - a +0 flail (weapon)
Missiles
 c - 42 stones (quivered)
Armour
 b - a +0 scale mail (worn)
Comestibles
 d - a bread ration
 g - a beef jerky
 i - a slice of pizza
Scrolls
 f - a scroll of identify {unknown}
 j - a scroll of noise {unknown}
 k - a scroll of random uselessness {unknown}
Potions
 h - a potion of curing {unknown}


   Skills:
 + Level 3.9 Fighting
 * Level 2.8 Maces & Flails
 + Level 1.2 Throwing
 + Level 3.8 Armour
   Level 3.6 Shields


You had one spell level left.
You didn't know any spells.

Dungeon Overview and Level Annotations

Branches:
Dungeon (1/15)

Altars:


Innate Abilities, Weirdness & Mutations

You reflexively headbutt those who attack you in melee.
You have a pair of horns on your head.


Message History

You barely miss the goblin.
The goblin is severely wounded.
You feel very sick.
The goblin hits you with a dagger of venom.
You are more poisoned.
ATTACKING (1,1)
You closely miss the goblin.
The goblin is severely wounded.
You feel very sick.
The goblin hits you with a dagger of venom.
You are more poisoned.
ATTACKING (1,1)
You miss the goblin. Your headbutt misses the goblin.
The goblin is severely wounded.
You feel very sick.
The goblin hits you with a dagger of venom.
You are more poisoned.
Drink which item? (? for menu, Esc to quit)
You feel very mighty all of a sudden.
You die...

##..#.......#...##
#..##########.#%..
#.## #.#..# #.#
..##.. #.# ####.
.####.#
#.##.....(## #..
#.#........#####.#
#.#.>..........%..
##H#........#####.#
#..g#......# ###..
#...((..# #....
#....#### #.....
#....# #.....
#...## #..... #...#
#..... ##.## ##....
### #####


You could see a goblin.

Table legend:
 A = Turns spent in this place as a percentage of turns spent in the entire game.
 B = Non-inter-level travel turns spent in this place as a percentage of non-inter-level travel turns spent in the entire game.
 C = Inter-level travel turns spent in this place as a percentage of turns spent in this place.
 D = Turns resting spent in this place as a percentage of non-inter-level travel turns spent in this place.
 E = Turns spent auto-exploring this place as a percentage of non-inter-level travel turns spent in this place.
 F = Non-inter-level travel turns spent in this place divided by the number of levels of this place that you've seen.
                   A       B       C       D       E      F
               +-------+-------+-------+-------+-------+----------------------
         Total | 100.0 | 100.0 |   0.0 |   4.4 |  27.9 | 136.0
       Dungeon | 100.0 | 100.0 |   0.0 |   4.4 |  27.9 | 136.0
               +-------+-------+-------+-------+-------+----------------------

Table legend:
 A = Kills in this place as a percentage of kills in entire the game.
 B = Kills by you in this place as a percentage of kills by you in the entire game.
 C = Kills by friends in this place as a percentage of kills by friends in the entire game.
 D = Other kills in this place as a percentage of other kills in the entire game.
 E = Experience gained in this place as a percentage of experience gained in the entire game.
 F = Experience gained in this place divided by the number of levels of this place that you have seen.
                   A       B       C       D       E      F
               +-------+-------+-------+-------+-------+----------------------
         Total | 100.0 | 100.0 |  -nan |  -nan | 100.0 |  28.0
       Dungeon | 100.0 | 100.0 |  -nan |  -nan | 100.0 |  28.0
               +-------+-------+-------+-------+-------+----------------------

Vanquished Creatures
  3 bats (D:1)
  2 goblins (D:1)
  A hobgoblin (D:1)
  6 kobolds (D:1)
  2 giant cockroaches (D:1)
  A giant newt (D:1)
  3 rats (D:1)
18 creatures vanquished.

Notes
Turn   | Place    | Note
--------------------------------------------------------------
     0 | D:1      | gw, the Minotaur Fighter, began the quest for the Orb.
     0 | D:1      | Reached XP level 1. HP: 19/19 MP: 1/1
    85 | D:1      | Reached skill level 1 in Throwing
   142 | D:1      | Reached XP level 2. HP: 27/27 MP: 1/1
   552 | D:1      | Succumbed to a goblin's poison

Action                   || total
-------------------------++-------
Melee: Flail             ||    51
Throw: Stone             ||    24
  Use: Potion            ||     1

Vault maps used:
D:1:      sevenhm_arrival_forest_fort_large_4, minivault_23
